 Dungeon Crawl Stone Soup version 0.20-a0-453-g91466d2 (webtiles) character file.

2983 Kriby the Thaumaturge (level 9, -3/57 HPs)
             Began as a Mummy Fire Elementalist on Jan 8, 2017.
             Was an Initiate of Sif Muna.
             Killed from afar by an orc wizard (4 damage)
             ... with a puff of frost
             ... on level 6 of the Dungeon.
             The game lasted 00:15:10 (8358 turns).

Kriby the Thaumaturge (Mummy Fire Elementalist)     Turns: 8358, Time: 00:15:10

Health: -3/57      AC:  5    Str: 11    XL:     9   Next: 53%
Magic:  2/23       EV: 12    Int: 17    God:    Sif Muna [......]
Gold:   296        SH:  0    Dex: 13    Spells: 13/28 levels left

rFire  . . .     SeeInvis .     h - +4 dagger (elec)
rCold  + . .     Gourm    .     i - +2 robe {rF+}
rNeg   + + +     Faith    .     (no shield)
rPois  ∞         Spirit   .     l - +0 helmet
rElec  .         Reflect  .     (no cloak)
rCorr  .         Harm     +     (no gloves)
MR     +....                    (no boots)
Stlth  ++........               f - amulet of harm
                                (no ring)
                                e - ring of flight

@: no status effects
A: no food or potions, fire vulnerability, cold resistance 1, negative energy
resistance 3, torment resistance, unbreathing
a: Renounce Religion, Evoke Flight


You were on level 6 of the Dungeon.
You worshipped Sif Muna.
Sif Muna was noncommittal.
You were not hungry.

You visited 2 branches of the dungeon, and saw 7 of its levels.

You collected 296 gold pieces.

Inventory:

Hand Weapons
 d - a +0 mace
 h - a +4 dagger of electrocution (weapon)
Armour
 i - a +2 robe of fire resistance (worn)
 l - a +0 helmet (worn)
Magical Staves
 n - an uncursed staff of energy
Jewellery
 e - a ring of flight (left hand)
 f - an amulet of harm (around neck)
Wands
 k - a wand of flame (21/48)
 m - a wand of iceblast (6/15)
 p - a wand of lightning (8/15)
Scrolls
 a - a scroll of recharging {unknown}
 c - 6 scrolls of remove curse
 j - 2 scrolls of identify
 o - a scroll of blinking {unknown}
 q - a scroll of teleportation
Books
 b - a book of Flames

   Spells                             Type                      Level
   a - Flame Tongue                   Conjuration/Fire             1
   b - Throw Flame                    Conjuration/Fire             2
   c - Conjure Flame                  Conjuration/Fire             3
   d - Inner Flame                    Hexes/Fire                   3
   e - Sticky Flame                   Conjuration/Fire             4
   f - Fireball                       Conjuration/Fire             5
 g - a book of the Dragon

   Spells                             Type                      Level
   a - Flame Tongue                   Conjuration/Fire             1
   b - Cause Fear                     Hexes                        4
   c - Bolt of Fire                   Conjuration/Fire             6
   d - Dragon Form                    Transmutation                7
   e - Dragon's Call                  Summoning                    9


   Skills:
 - Level 1.5 Dodging
 - Level 1.5 Stealth
 * Level 10.0 Spellcasting
 + Level 6.8 Conjurations
 + Level 6.1 Fire Magic


You had 13 spell levels left.
You knew the following spells:

 Your Spells              Type           Power        Failure   Level  Hunger
a - Flame Tongue          Conj/Fire      ####.        1%          1    N/A
b - Conjure Flame         Conj/Fire      ####....     1%          3    N/A
c - Sticky Flame          Conj/Fire      ####....     8%          4    N/A
d - Throw Flame           Conj/Fire      ####..       1%          2    N/A
e - Fireball              Conj/Fire      ####......   17%         5    N/A

Dungeon Overview and Level Annotations

Branches:
Dungeon (6/15)             Temple (1/1) D:6

Altars:
Cheibriados
Elyvilon
Fedhas
Hepliaklqana
Nemelex Xobeh
Okawaru
Ru
Sif Muna
Trog
Vehumet
Xom
Yredelemnul
The Shining One

Shops:
D:4 }

Annotations:
D:5 1 runed door


Innate Abilities, Weirdness & Mutations

You do not eat or drink.
Your flesh is vulnerable to fire.
You are immune to poison.
Your flesh is cold resistant. (rC+)
You are immune to negative energy. (rN+++)
You are immune to unholy pain and torment.
You can survive without breathing.


Message History

Your Spellcasting skill increases to level 10!
A magic dart appears from out of thin air!
The magic dart hits you!
* * * LOW HITPOINT WARNING * * *
You see here a jackal corpse.
A puff of frost appears from out of thin air!
The puff of frost hits you! You resist.
* * * LOW HITPOINT WARNING * * *
Okay, then.
Casting: Flame Tongue
Confirm with . or Enter, or press ? or * to list all spells.
Aiming: Conjure Flame
Press: ? - help, Dir - move target cursor The fire roars!
You hear some strange, mumbled words.
A puff of frost appears from out of thin air!
You hear a sizzling sound!
A puff of frost appears from out of thin air!
The puff of frost hits you! You resist.
You die...

. ..............# .
..............# .
..(..............## #
...........†...<..# #
.........#........## #
.........#.........#### #
.........#............# #
.....††..#.>..........#####
#
.........###@##............
h #.....{...##............
h #...)#######............
.. #....# #............ ..
#..[.# #............ ...
#....# #............ #...$#
#............ #....#
...........## #....#


There were no monsters in sight!

Vanquished Creatures
  The ghost of Schizzik the Cudgeler, a novice TrMo (D:5)
  Grinder (D:3)
  A hippogriff (D:5)
  Edmund (D:5)
  Duvessa (D:5)
  An orc warrior (D:6)
  An ice beast (D:4)
  2 phantoms
  2 sky beasts
  5 ogres
  A bullfrog (D:5)
  Dowan (D:5)
  3 scorpions (D:5)
  A howler monkey (D:4)
  6 hounds
  A jelly (D:5)
  5 orc wizards
  A gnoll shaman (D:4)
  An orc priest (D:4)
  A centaur skeleton (D:5)
  A worker ant (D:4)
  An iguana (D:4)
  A worker ant zombie (D:5)
  Robin (D:3)
  8 gnolls
  10 adders
  2 worms (D:3)
  A leopard gecko (D:5)
  17 orcs
  2 ball pythons (D:3)
  4 bats
  4 giant cockroaches
  16 goblins
  8 hobgoblins
  16 jackals
  2 quokkas
  7 frilled lizards
  A jackal zombie (D:5)
  A kobold (D:3)
  6 rats
146 creatures vanquished.

Vanquished Creatures (others)
  A quokka (D:5)
1 creature vanquished.

Grand Total: 147 creatures vanquished

Notes
Turn   | Place    | Note
-------+----------+-------------------------------------------
     0 | D:1      | Kriby the Mummy Fire Elementalist began the quest for the Orb.
     0 | D:1      | Reached XP level 1. HP: 13/13 MP: 4/4
   128 | D:1      | Reached skill level 3 in Spellcasting
   128 | D:1      | Reached skill level 1 in Conjurations
   565 | D:1      | Reached XP level 2. HP: 19/19 MP: 3/6
   989 | D:2      | You fall through a shaft!
  1083 | D:3      | Noticed Robin
  1282 | D:3      | Reached XP level 3. HP: 8/24 MP: 0/7
  2335 | D:3      | Learned a level 3 spell: Conjure Flame
  2377 | D:3      | Reached XP level 4. HP: 30/30 MP: 4/9
  2444 | D:3      | Noticed an ogre
  2481 | D:3      | Killed an ogre
  2481 | D:3      | Reached skill level 4 in Spellcasting
  2481 | D:3      | Reached XP level 5. HP: 35/35 MP: 4/11
  3025 | D:3      | Killed Robin
  3653 | D:3      | Noticed Grinder
  3671 | D:3      | Paralysed by Grinder for 7 turns
  3684 | D:3      | Killed Grinder
  3684 | D:3      | Reached skill level 5 in Spellcasting
  3684 | D:3      | Reached XP level 6. HP: 26/41 MP: 3/13
  4254 | D:4      | Reached XP level 7. HP: 33/46 MP: 9/14
  4451 | D:4      | Found Ohelakki's Gadget Shop.
  4972 | D:4      | Reached skill level 5 in Conjurations
  4978 | D:4      | Learned a level 4 spell: Sticky Flame
  4981 | D:4      | Learned a level 2 spell: Throw Flame
  5158 | D:4      | Reached skill level 6 in Spellcasting
  5284 | D:4      | Reached XP level 8. HP: 52/52 MP: 6/17
  5767 | D:5      | Entered Level 5 of the Dungeon
  5795 | D:5      | Noticed Schizzik's ghost (novice TrMo)
  5962 | D:5      | Found a radiant altar of Vehumet.
  5990 | D:5      | Noticed Duvessa
  5990 | D:5      | Noticed Dowan
  6075 | D:4      | Learned a level 5 spell: Fireball
  6154 | D:5      | Noticed Edmund
  6158 | D:5      | Killed Duvessa
  6186 | D:5      | Killed Edmund
  6186 | D:5      | Reached skill level 7 in Spellcasting
  6572 | D:5      | Killed Dowan
  6572 | D:5      | Reached skill level 5 in Fire Magic
  7033 | D:5      | Reached skill level 8 in Spellcasting
  7357 | D:5      | Noticed a hippogriff
  7362 | D:5      | Killed a hippogriff
  7362 | D:5      | Reached XP level 9. HP: 57/57 MP: 8/21
  7547 | D:5      | Killed Schizzik's ghost
  7547 | D:5      | Reached skill level 9 in Spellcasting
  7841 | D:5      | Found a white marble altar of Elyvilon.
  7948 | D:5      | Found a runed door.
  7953 | D:5      | Found a basalt altar of Yredelemnul.
  8197 | D:6      | Found a staircase to the Ecumenical Temple.
  8208 | Temple   | Entered the Ecumenical Temple
  8238 | Temple   | Became a worshipper of Sif Muna the Loreminder
  8354 | D:6      | Reached skill level 10 in Spellcasting
  8356 | D:6      | HP: 1/57 [something/puff of frost (7)]
  8358 | D:6      | Killed from afar by an orc wizard

Vault maps used:
D:1:      dpeg_arrival_rooms_c, minivault_25, minivault_11, minmay_surrounded
D:2:      grunt_temple_overflow_order_and_chaos_2,
          nicolae_overflow_hidden_temple, nicolae_ashenzari_panopticon,
          lemuel_coloured_pillars_altar, lemuel_crystal_altar, first_bread,
          nrook_mini_vaults, uniq_natasha
D:3:      uniq_grinder, uniq_robin
D:4:      serial_shops, shop
D:5:      minmay_diamond_boxcup, vehumet_crystals, elyvilon_altar_4,
          dk_yredelemnul_ordeal, uniq_duvessa, uniq_edmund
D:6:      basic_altar, gup_sewer_entry_bubbles, kennysheep_doodads,
          okawaru_ov_weapons_minmay, uniq_sigmund
Temple:   cyrus_circular_temple

Skill      XL: |  1  2  3  4  5  6  7  8  9 |
---------------+----------------------------+-----
Spellcasting   | 3 4 5 6 8 10 | 10.0
Conjurations   | 1 2 4 5 6 |  6.8
Fire Magic     | 3 4 5 6 |  6.1
Dodging        | |  1.5
Stealth        | |  1.5

Action                   |  1- 3 |  4- 6 |  7- 9 || total
-------------------------+-------+-------+-------++-------
Melee: Mace              |    21 |       |       ||    21
       Dagger            |       |     1 |     8 ||     9
 Cast: Flame Tongue      |    69 |    98 |   205 ||   372
       Conjure Flame     |       |       |    13 ||    13
       Sticky Flame      |       |       |    15 ||    15
       Throw Flame       |       |       |     7 ||     7
  Use: Scroll            |     1 |     1 |     3 ||     5
Armor: Robe              |     8 |       |    30 ||    38
       Leather armour    |     1 |    18 |     8 ||    27
Dodge: Dodged            |    45 |    39 |    55 ||   139
